 Dungeon Crawl Stone Soup version 0.21.1-1-g345015f (webtiles) character file.

13362670 garbagetei the Conqueror (level 27, 179/179 HPs)
             Began as a Gargoyle Fighter on Feb 23, 2018.
             Was the Champion of the Shining One.
             Escaped with the Orb
             ... and 15 runes on Feb 24, 2018!
             The game lasted 06:49:48 (119834 turns).

garbagetei the Conqueror (Gargoyle Fighter)       Turns: 119834, Time: 06:49:48

Health: 179/179    AC: 75    Str: 34    XL:     27
Magic:  36/36      EV: 15    Int:  8    God:    the Shining One [******]
Gold:   8919       SH: 21    Dex:  9    Spells: 27/46 levels left

rFire    + + +     SeeInvis +   E - +9 sacred scourge (holy)
rCold    + + +     Gourm    .   A - +2 shield of Resistance {rF+ rC+ MR+}
rNeg     + + +     Faith    +   Y - +9 scales of the Dragon King {rPois rF+ rC+ MR+}
rPois    ∞         Spirit   .   u - +2 hat {SInv}
rElec    +         Reflect  .   U - +2 cloak {MR+}
rCorr    +         Harm     .   K - +2 pair of gloves {Str+3}
MR       +++++                  o - +2 pair of boots {run}
Stlth    ..........             X - amulet of Uzxosuje {Faith rF+ rC+ Str+3}
HPRegen  0.39/turn              L - ring of resist corrosion
MPRegen  0.25/turn              H - ring of Hotewn {+Blink rN+ AC+4 Slay+5 Stlth+}

@: flying, glowing, quick
A: big wings, hooves 1, dopey 2, frail 1, low mp 1, magic resistance 1, negative
energy resistance 1, screaming 3, electricity resistance, inhibited
regeneration, weak 1, unbreathing, petrification resistance, no potion heal 1,
rot immunity, subdued magic 2, AC +20
0: Orb of Zot
}: 15/15 runes: decaying, slimy, silver, golden, iron, obsidian, icy, bone,
abyssal, demonic, glowing, magical, fiery, dark, gossamer
a: Stop Flying, Divine Shield, Cleansing Flame, Summon Divine Warrior, Renounce
Religion, Evoke Blink


You escaped.
You worshipped the Shining One.
The Shining One was exalted by your worship.
You were not hungry.

You visited 17 branches of the dungeon, and saw 89 of its levels.
You visited Pandemonium 1 time, and saw 14 of its levels.
You visited the Abyss 1 time.
You visited 1 bazaar.
You also visited: Bailey and Ice Cave.

You collected 14877 gold pieces.
You spent 5958 gold pieces at shops.

Inventory:

Hand Weapons
 a - the +6 fustibalus of the Vaults {velocity, SInv}
   (You found it on level 4 of the Swamp)

   Any stone fired from it inflicts extra damage.
   It lets you see invisible.
 E - a +9 sacred scourge of holy wrath (weapon)
Missiles
 w - 5 throwing nets (quivered)
 S - 350 sling bullets
Armour
 o - a +2 pair of boots of running (worn)
 u - a +2 hat of see invisible (worn)
 A - the +2 shield of Resistance (worn) {rF+ rC+ MR+}
   (You found it on level 7 of Tartarus)

   It protects you from fire.
   It protects you from cold.
   It affects your resistance to hostile enchantments.
 K - a +2 pair of gloves of strength (worn)
 U - a +2 cloak of magic resistance (worn)
 Y - the +9 scales of the Dragon King (worn) {rPois rF+ rC+ MR+}
   (You found it on level 5 of the Vaults)

   It protects you from fire.
   It protects you from cold.
   It protects you from poison.
   It affects your resistance to hostile enchantments.
 Z - a +0 large shield of protection
Jewellery
 e - the ring "Ehabiav" {+Fly MR+ MP+9 SInv}
   (You found it on level 7 of Cocytus)

   [ring of magical power]

   It affects your resistance to hostile enchantments.
   It affects your magic capacity (+9).
   It lets you see invisible.
   It lets you fly.
 j - an uncursed ring of protection from fire
 q - the amulet "Zudear" {Spirit rN+ MP+9 Int-5 Slay+5}
   (You found it on level 3 of the Elven Halls)

   [amulet of guardian spirit]

   It causes incoming damage to be split between your health and magic.
   It affects your intelligence (-5).
   It affects your accuracy and damage with ranged weapons and melee attacks
   (+5).
   It protects you from negative energy.
   It affects your magic capacity (+9).
 B - the ring "Bustrewy" {Dex+3 Slay+3}
   (You bought it in a shop in a bazaar)

   [ring of dexterity]

   It affects your dexterity (+3).
   It affects your accuracy and damage with ranged weapons and melee attacks
   (+3).
 H - the ring of Hotewn (right hand) {+Blink rN+ AC+4 Slay+5 Stlth+}
   (You bought it in a shop on level 5 of the Depths)

   [ring of protection]

   It affects your AC (+4).
   It affects your accuracy and damage with ranged weapons and melee attacks
   (+5).
   It protects you from negative energy.
   It lets you blink.
   It makes you more stealthy.
 L - a ring of resist corrosion (left hand)
 M - the ring of Nimegez {rPois MR++ Slay+2}
   (You found it on level 7 of the Iron City of Dis)

   [ring of slaying]

   It affects your accuracy and damage with ranged weapons and melee attacks
   (+2).
   It protects you from poison.
   It affects your resistance to hostile enchantments.
 T - an uncursed ring of protection from cold {unknown}
 V - the ring of Dynnucul {rElec rN+ Int+4}
   (You found it on level 5 of the Lair of Beasts)

   [ring of positive energy]

   It affects your intelligence (+4).
   It insulates you from electricity.
   It protects you from negative energy.
 X - the amulet of Uzxosuje (around neck) {Faith rF+ rC+ Str+3}
   (You found it in an ice cave)

   [amulet of faith]

   It allows you to gain divine favour quickly.
   It affects your strength (+3).
   It protects you from fire.
   It protects you from cold.
Wands
 b - a wand of digging (43)
 N - a wand of scattershot (22)
 Q - a wand of iceblast (39)
 W - a wand of acid (51)
Scrolls
 l - 12 scrolls of amnesia
 p - 6 scrolls of enchant armour
 t - 2 scrolls of enchant weapon
 v - 9 scrolls of blinking
 x - 21 scrolls of teleportation
 y - 14 scrolls of identify
 z - 3 scrolls of fog
 C - 7 scrolls of fear
 O - 5 scrolls of holy word
 P - 25 scrolls of remove curse
 R - 2 scrolls of silence
Potions
 d - 5 potions of might
 g - a potion of brilliance
 h - 3 potions of mutation
 i - 7 potions of heal wounds
 k - 9 potions of ambrosia
 n - 2 potions of haste
 r - 17 potions of curing
 s - 5 potions of cancellation
 D - 5 potions of berserk rage
 F - a potion of magic
 I - 5 potions of agility
 J - 7 potions of resistance
Miscellaneous
 c - 8 boxes of beasts
 m - 2 sacks of spiders
 G - a phial of floods
Comestibles
 f - 69 rations


   Skills:
 O Level 27 Fighting
 O Level 27 Maces & Flails
 - Level 16.9(17.0) Slings
 - Level 1.2(11.5) Throwing
 O Level 27 Armour
 * Level 15.6 Dodging
 O Level 27 Shields
 - Level 10.0 Spellcasting
 - Level 4.0 Hexes
 - Level 5.0 Charms
 - Level 6.0 Summonings
 - Level 10.0 Translocations
 O Level 27 Invocations


You had 27 spell levels left.
You knew the following spells:

 Your Spells              Type           Power        Failure   Level  Hunger
a - Song of Slaying       Chrm           #.......     9%          2    #......
b - Blink                 Tloc           N/A          1%          2    #......
c - Portal Projectile     Hex/Tloc       #.....       8%          3    ###....
d - Infusion              Chrm           #...         5%          1    None
e - Shroud of Golubria    Chrm/Tloc      ##........   2%          2    #......
g - Spectral Weapon       Hex/Chrm       #.......     24%         3    ###....
h - Summon Butterflies    Summ           #.......     3%          1    None
i - Lesser Beckoning      Tloc           ##........   1%          3    ###....
j - Passwall              Tmut/Erth      #.........   63%         2    #......


Dungeon Overview and Level Annotations

Branches:
Dungeon (15/15)            Temple (0/1) D:4            Lair (6/6) D:8
  Swamp (4/4) Lair:2       Spider (4/4) Lair:4        Slime (5/5) Lair:6
    Orc (2/2) D:9             Elf (3/3) Orc:2        Vaults (5/5) D:13
  Crypt (3/3) Vaults:3       Tomb (3/3) Crypt:3      Depths (5/5) D:15
   Hell (1/1)                 Dis (7/7) Hell            Geh (7/7) Hell
    Coc (7/7) Hell            Tar (7/7) Hell            Zot (5/5) Depths:5

Altars:
Ashenzari
Cheibriados
Dithmenos
Elyvilon
Fedhas
Gozag
Kikubaaqudgha
Makhleb
Nemelex Xobeh
Okawaru
Ru
Uskayaw
Wu Jian
The Shining One
Beogh
Jiyva

Shops:
D:8 !:[(   D:11 *   Orc:2 ([*:   Elf:1 *   Elf:3 [[%*[*!   Vaults:1 [
Depths:3 *   Depths:5 *=?

Portals:
Hell: Depths:1 Depths:2 Depths:3 Depths:4 Depths:5
Abyss: Depths:4
Pandemonium: Depths:1 Depths:3
Ziggurat: Depths:2
Trove: D:11 (give 16 scrolls of teleportation)

Annotations:
Elf:2 3 runed doors
Depths:2 exclusions: eye of draining, floating eye, great orb of eyes, shining eye and 4 more exclusions


Innate Abilities, Weirdness & Mutations

You are resistant to torment.
Your stone body is resilient. (AC +20)
You are immune to poison.
Your large and strong wings let you fly indefinitely.
You resist negative energy. (rN+)
You are resistant to electric shocks. (rElec)
You can survive without breathing.
You are immune to petrification.
You are immune to rotting.
You have large cloven feet.
You are very dopey. (Int -4)
You are frail. (-10% HP)
Your magical capacity is low. (-10% MP)
You are resistant to hostile enchantments. (MR+)
You frequently scream uncontrollably at your foes.
You do not regenerate when monsters are visible.
You are weak. (Str -2)
Potions are less effective at restoring your health.
Your spells are easier to cast, but less powerful.


Message History

You see here 2 chunks of flesh.
There is a stone staircase leading up here.
You fly upwards.
There is a stone staircase leading down here.
You see here a plate armour.
Evoke which item? (* to show all) (? for menu, Esc to quit)
Aiming: Dig
Press: ? - help, Shift-Dir - straight line The rock shatters into small pieces.
Evoke which item? (* to show all) (? for menu, Esc to quit)
Aiming: Dig
Press: ? - help, Shift-Dir - straight line, f - you Sorry, you can't target yourself.
Okay, then.
Evoke which item? (* to show all) (? for menu, Esc to quit)
Aiming: Dig
Press: ? - help, Shift-Dir - straight line The rock shatters into small pieces.
There is a staircase leading out of the dungeon here.
You have escaped!

.#.....#..# #........#......#
.#.....#(†####........#.#.##.#
.#.....#..............#.#....#
.####..#.........###..#.#########
.# #..#.........##...#..........
.# #..#..#####..#.#..#.#########
.# #..#..# #...##..#.#
.####..#..# #.......#.#
.#.....#..# ##.@.....#.#
.####.##..# ##........#.#
.####.##..###.#...##..#.#
.............##...##..#.#
..#...##..............#.#
..#...##..............#.#
..######..............#.#
#..####################.#
#....##.................#


There were no monsters in sight!

Vanquished Creatures
  Cerebov (Pan)
  Antaeus (Coc:7)
  Asmodeus (Geh:7)
  the Royal Jelly (Slime:5)
  Gloorx Vloq (Pan)
  the Serpent of Hell (Geh:7)
  Ereshkigal (Tar:7)
  Dispater (Dis:7)
  Khufu (Tomb:2)
  7 orbs of fire
  Mara (Vaults:4)
  8 ancient liches
  A juggernaut (Depths:4)
  23 greater mummies
  the Lernaean hydra (Swamp:4)
  8 shard shrikes
  2 curse toes
  Bai Suzhen (Spider:4)
  4 Killer Klowns
  A caustic shrike (Depths:2)
  Geryon (Hell)
  The ghost of Autsider the Slayer, a veteran GrFi of the Shining One (Vaults:5)
  18 golden dragons
  Arachne (Spider:3)
  8 bone dragons
  19 Tzitzimimeh
  3 iron giants (Dis:7)
  16 Brimstone Fiends
  2 electric golems (Zot:5)
  6 doom hounds
  13 Ice Fiends
  21 tentacled monstrosities
  9 Hell Sentinels
  24 Orb Guardians
  16 titans
  16 liches
  Asterion (Elf:3)
  7 pandemonium lords
  4 quicksilver dragons
  6 deep elf master archers
  The ghost of jazmu the Fencer, an adept FoMo of Okawaru (Spider:4)
  11 acid blobs
  19 Executioners
  Frances (Swamp:2)
  5 deep elf blademasters
  11 sphinxes
  9 death cobs
  18 ancient champions
  Gastronok (Lair:2)
  The ghost of Autsider the Blocker, an adept DsFi of Dithmenos (Spider:4)
  10 tentacled starspawn
  An eldritch tentacle (Coc:7)
  6 warmongers (Pan)
  The ghost of EvilAshe the Geomancer, a journeyman DgEE (D:13)
  26 shadow dragons
  12 storm dragons
  4 tengu reavers
  5 thorn hunters
  7 azure jellies
  4 draconian monks
  6 revenants
  2 draconian knights (Zot:5)
  22 frost giants
  11 iron dragons
  24 fire giants
  27 balrugs
  2 orc warlords
  6 deep elf sorcerers
  4 draconian scorchers
  9 cacodemons
  2 draconian shifters
  9 emperor scorpions
  16 vault wardens
  5 curse skulls
  6 ghouls (Crypt:1)
  2 spriggan defenders (Depths:5)
  43 reapers
  6 deep elf elementalists
  14 war gargoyles
  10 draconian annihilators
  2 draconian stormcallers
  12 vampire knights
  8 ghost moths
  3 elemental wellsprings
  22 very ugly things
  12 ironheart preservers
  3 blood saints (Pan)
  27 stone giants
  6 entropy weavers
  7 bennus
  7 white draconians
  5 black suns (Pan)
  6 green draconians
  5 corrupters (Pan)
  13 black draconians
  6 deep elf demonologists
  8 red draconians
  11 lorocyprocas
  13 deep elf annihilators
  6 yellow draconians
  7 spark wasps
  10 purple draconians
  A merfolk javelineer (Depths:4)
  3 eidola
  15 blizzard demons
  9 deep elf death magi
  18 ettins
  13 green deaths
  5 death oozes
  3 crystal guardians (Crypt:3)
  12 mummy priests
  A merfolk impaler (Depths:4)
  Josephine (Orc:2)
  18 yaktaur captains
  19 jiangshi
  A kraken zombie (Hell)
  16 great orbs of eyes
  A quicksilver dragon zombie (Geh:7)
  5 deep elf high priests
  10 fire dragons
  9 monstrous demonspawn (Pan)
  4 quicksilver dragon skeletons
  30 hydras
  25 ice dragons
  4 ghost crabs
  12 rakshasas
  32 vault guards
  7 spriggan air magi
  5 hell beasts
  7 centaur warriors
  6 ogre magi
  A queen ant (D:12)
  21 two-headed ogres
  32 dancing weapons
  7 deep troll shamans
  13 alligators
  41 death scarabs
  3 death knights
  5 death yaks
  6 deep troll earth magi
  7 vampire magi
  9 hell hogs
  10 thrashing horrors
  6 tengu warriors
  4 orc high priests (Orc:2)
  44 soul eaters
  2 titan zombies
  3 iron golems
  38 hell knights
  A salamander mystic (Depths:2)
  4 titan skeletons
  10 spriggans
  50 sun demons
  81 skeletal warriors
  32 deep elf knights
  14 sixfirhies
  5 spriggan berserkers
  11 shadow wraiths
  7 wretched stars
  4 iron trolls
  8 anaconda zombies
  2 death drakes
  2 ghost moth zombies
  A spatial maelstrom (Abyss:3)
  5 storm dragon skeletons
  3 golden dragon zombies
  10 flayed ghosts
  18 shadow demons
  9 swamp dragons
  A spriggan druid (Swamp:3)
  3 unseen horrors
  9 torturous demonspawn (Pan)
  28 deep trolls
  6 infernal demonspawn (Pan)
  23 deep elf archers
  A shadow dragon zombie (Geh:7)
  11 ironbrand convokers
  5 gelid demonspawn
  8 glowing orange brains
  12 phantasmal warriors
  13 orc knights
  7 wizards
  2 golden dragon skeletons
  6 shambling mangroves
  7 fire giant zombies
  29 necromancers
  A shadow dragon skeleton (Coc:7)
  An orange crystal statue (Depths:1)
  5 anaconda skeletons
  78 deep elf magi
  5 wolf spider zombies
  5 frost giant zombies
  21 orb spiders
  A harpy (shapeshifter) (Vaults:2)
  29 wolf spiders
  8 shining eyes
  A manticore (D:14)
  50 ugly things
  7 orc sorcerers
  2 cyclopes
  4 stone giant zombies
  4 worldbinders (Abyss:3)
  A faun (shapeshifter) (Depths:1)
  3 iron dragon skeletons
  13 elephants
  32 moths of wrath
  A salamander (shapeshifter) (Vaults:5)
  2 iron dragon zombies
  25 rust devils
  6 salamanders (Depths:3)
  4 stone giant skeletons
  An elf zombie (Depths:2)
  3 shock serpent zombies
  5 frost giant skeletons
  8 fire giant skeletons
  9 black mambas
  A black mamba (shapeshifter) (Vaults:2)
  5 dire elephant zombies
  A water nymph (Abyss:3)
  2 apocalypse crabs
  47 smoke demons
  13 vault sentinels
  4 eyes of devastation
  13 molten gargoyles
  5 ice statues
  A guardian serpent (Lair:6)
  3 human skeletons (Vaults:3)
  25 spiny frogs
  10 orange demons
  A dire elephant skeleton (Tar:1)
  20 hellions
  2 emperor scorpion zombies
  5 rime drakes
  4 shock serpent skeletons
  32 starcursed masses
  3 kobold demonologists
  A yellow draconian zombie (Crypt:2)
  5 komodo dragons
  59 yaktaurs
  29 freezing wraiths
  An anaconda simulacrum (Coc:7)
  6 efreet
  2 catoblepas skeletons (Geh:6)
  A catoblepas zombie (Coc:7)
  26 small abominations
  18 tormentors
  2 yaktaurs (shapeshifter)
  32 red devils
  28 hellwings
  41 guardian mummies
  9 hydra zombies
  39 ice devils
  33 demonic crawlers
  5 tengu conjurers
  9 trolls
  2 harpy zombies
  2 meliai (shapeshifter)
  42 jumping spiders
  A wolf spider simulacrum (Crypt:1)
  A merfolk (shapeshifter) (Depths:5)
  3 ancient zymes
  A jumping spider (shapeshifter) (Vaults:1)
  3 tyrant leeches (Swamp:3)
  A silent spectre (Abyss:2)
  2 polar bears (Lair:5)
  3 hydra skeletons
  A tyrant leech (shapeshifter) (Vaults:5)
  13 blink frogs
  A slime creature (shapeshifter) (Vaults:5)
  A satyr zombie (Crypt:1)
  13 bog bodies
  29 hornets
  3 fire dragon zombies
  10 dream sheep (Lair:6)
  A dream sheep (shapeshifter) (Vaults:5)
  108 slime creatures
  2 ettin zombies
  A harpy skeleton (Geh:7)
  A stone giant simulacrum (Crypt:1)
  6 alligator zombies
  15 hippogriffs
  An ice dragon zombie (Crypt:1)
  21 raiju
  A meliai zombie (D:12)
  A snapping turtle (shapeshifter) (Pan)
  A jumping spider zombie (Crypt:2)
  A guardian serpent skeleton (Crypt:2)
  117 flying skulls
  2 ice dragon skeletons (Coc:7)
  2 spriggan skeletons
  17 air elementals
  A black mamba zombie (Geh:7)
  12 shadows
  10 ettin skeletons
  4 fire dragon skeletons
  19 tarantellas
  13 water elementals
  16 ushabtiu
  15 ynoxinuls
  A vampire (Abyss:3)
  33 wraiths
  32 fire elementals
  96 redbacks
  33 yaks
  7 alligator skeletons
  A black mamba skeleton (Crypt:2)
  12 wyverns
  A basilisk (shapeshifter) (Vaults:2)
  A fire bat (Abyss:3)
  2 basilisks
  23 vampire mosquitoes
  19 chaos spawn
  18 neqoxecs
  2 steam dragons (Lair:6)
  A warg (shapeshifter) (Depths:3)
  A soldier ant (shapeshifter) (Vaults:2)
  3 hungry ghosts
  5 wargs
  2 spatial vortices
  26 insubstantial wisps
  4 acid dragons
  10 soldier ants
  18 swamp worms
  9 spiny frog zombies
  9 porcupines
  3 hydra simulacra
  53 large abominations
  20 water moccasins
  2 floating eyes (Depths:3)
  46 hell hounds
  44 orc warriors
  A black bear (D:7)
  14 swamp drakes
  2 black bears (shapeshifter)
  18 ice beasts
  A gelid demonspawn skeleton (Crypt:2)
  A sky beast (shapeshifter) (Vaults:2)
  A swamp dragon zombie (Crypt:1)
  10 boggarts
  7 eyes of draining
  4 sky beasts
  An alligator simulacrum (Hell)
  18 necrophages
  6 wolves
  5 phantoms
  3 elf skeletons
  5 snapping turtle skeletons
  12 ogres
  2 manticore skeletons
  19 centaurs
  A swamp dragon skeleton (Pan)
  14 crocodiles
  4 big kobolds
  19 bullfrogs
  An octopode zombie (Crypt:2)
  A komodo dragon skeleton (Crypt:2)
  A wyvern zombie (Crypt:1)
  3 earth elementals
  2 spiny frog simulacra
  17 killer bees
  4 scorpions
  2 water moccasin skeletons
  29 wights
  A wolf zombie (Crypt:1)
  An electric eel (Lair:1)
  3 howler monkeys (D:11)
  3 centaur zombies
  13 crimson imps
  6 quasits
  2 bullfrog zombies
  3 hounds
  2 human zombies (Tar:3)
  A hound (shapeshifter) (Vaults:2)
  A black bear zombie (Crypt:1)
  5 centaur skeletons
  8 jellies
  15 orc priests
  36 orc wizards
  8 iron imps
  A bullfrog skeleton (D:7)
  8 iguanas
  Natasha (twice) (D:2)
  3 yak simulacra (D:13)
  6 hell rats (Hell)
  26 worker ants
  2 wolf simulacra (D:13)
  2 polar bear simulacra (D:13)
  2 naga zombies
  A tengu zombie (Crypt:2)
  A hound zombie (D:11)
  3 hound skeletons
  56 mummies
  A worker ant zombie (D:6)
  A howler monkey zombie (D:5)
  10 gnolls
  11 adders
  An ogre simulacrum (Abyss:2)
  8 shadow imps
  10 white imps
  An ufetubus (Abyss:3)
  2 oozes
  An adder skeleton (D:9)
  2 worms
  A dart slug (D:1)
  3 leopard geckos
  91 orcs
  5 bats
  9 giant cockroaches
  14 goblins
  7 hobgoblins
  17 jackals
  33 kobolds
  4 quokkas
  A ball python skeleton (Crypt:2)
  6 frilled lizards
  A hobgoblin skeleton (Crypt:2)
  A kobold skeleton (Geh:5)
  10 rats
  4 river rat simulacra (D:13)
  6 briar patches
  2 crawling corpses
  A lurking horror (Abyss:2)
  7 starspawn tentacles
  A tentacle (Hell)
4484 creatures vanquished.

Vanquished Creatures (collateral kills)
  Mnoleg (Pan)
  2 orbs of fire (Zot:5)
  4 greater mummies
  A pandemonium lord (Pan)
  A lich (Tomb:3)
  2 iron giants
  4 Tzitzimimeh
  2 tentacled monstrosities (Pan)
  A Hell Sentinel (Dis:7)
  A deep elf blademaster (Abyss:3)
  An Orb Guardian (Zot:5)
  A quicksilver dragon (Dis:7)
  A tentacled starspawn (Abyss:3)
  3 ancient champions
  2 shadow dragons (Tar:7)
  A fire giant (Depths:4)
  6 cacodemons
  An iron dragon (Dis:7)
  3 balrugs (Pan)
  4 reapers
  2 black suns (Pan)
  A blood saint (Pan)
  2 lorocyprocas (Pan)
  A dire elephant (Abyss:3)
  3 bennus (Tomb:3)
  5 death oozes (Slime:5)
  A quicksilver dragon zombie (Coc:7)
  3 mummy priests
  A quicksilver dragon skeleton (Tomb:3)
  A hydra (Lair:1)
  A monstrous demonspawn (Pan)
  A hell beast (Pan)
  9 death scarabs
  3 sun demons
  2 hell hogs
  2 titan zombies
  4 thrashing horrors
  4 soul eaters
  A hell knight (Geh:7)
  2 shadow wraiths
  2 sixfirhies (Pan)
  3 skeletal warriors
  8 large abominations
  A gelid demonspawn (Pan)
  A flayed ghost (Dis:7)
  A shadow demon (Pan)
  A shadow dragon zombie (Hell)
  A necromancer (Geh:7)
  A fire giant zombie (Dis:7)
  A shining eye (Slime:5)
  A worldbinder (Abyss:3)
  A shining eye (shapeshifter) (Depths:2)
  4 rust devils (Dis:7)
  A black mamba (Lair:5)
  4 orange demons
  A smoke demon (Abyss:3)
  An eye of devastation (Pan)
  An eye of devastation (shapeshifter) (Depths:4)
  3 ice devils
  2 demonic crawlers (Pan)
  10 guardian mummies
  A hydra zombie (Hell)
  5 red devils (Pan)
  2 dream sheep (Lair:6)
  A raiju (Abyss:3)
  A small abomination (Abyss:3)
  3 flying skulls
  A black mamba zombie (Abyss:3)
  3 yaks (Lair:5)
  A ynoxinul (Pan)
  2 chaos spawn (Pan)
  2 ushabtiu (Tomb:3)
  A golden eye (Pan)
  17 neqoxecs
  4 floating eyes (Pan)
  An orc warrior (Orc:2)
  An eye of draining (Pan)
  A necrophage (Tar:7)
  A snapping turtle skeleton (Abyss:3)
  A starcursed mass (Abyss:3)
  An iron imp (Dis:3)
  5 mummies
  An ufetubus (Abyss:3)
  An orc (Orc:2)
  A starspawn tentacle (Abyss:3)
  2 tentacles (Hell)
200 creatures vanquished.

Vanquished Creatures (others)
  A lich (Pan)
  An eldritch tentacle (Pan)
  A fire giant (Abyss:2)
  A ghoul (Crypt:2)
  2 elemental wellsprings (Coc:7)
  2 bennus (Tomb:2)
  A green death (Pan)
  2 blizzard demons (Pan)
  A quicksilver dragon skeleton (Vaults:5)
  4 death scarabs (Tomb:2)
  2 hell hogs
  A soul eater (Pan)
  4 deep elf knights
  A skeletal warrior (Crypt:1)
  A storm dragon skeleton (Geh:4)
  2 glowing orange brains (Pan)
  A large abomination (Pan)
  An orb spider (Spider:4)
  An ugly thing (IceCv)
  A wolf spider (shapeshifter) (Vaults:4)
  A molten gargoyle (Geh:7)
  A shock serpent skeleton (Geh:5)
  A spiny frog (Swamp:1)
  A yaktaur (Vaults:5)
  A demonic crawler (Pan)
  A dire elephant skeleton (Geh:5)
  An ice devil (Pan)
  A hellwing (Pan)
  A polar bear (Lair:6)
  A guardian mummy (Tomb:2)
  An ice dragon skeleton (Geh:6)
  2 redbacks
  2 wraiths
  A chaos spawn (Pan)
  A basilisk (Lair:6)
  2 hell hounds
  A swamp drake (Swamp:4)
  A boggart (Depths:3)
  2 necrophages (Crypt:2)
  3 wights (Abyss:2)
  An orc priest (D:12)
  2 mummies
  5 ball lightnings (Pan)
  An orc (Orc:2)
  2 briar patches (Swamp:1)
  3 bushes
  A crawling corpse (Vaults:5)
  A demonic plant (Pan)
  35 fungi
  37 plants
  3 spectral weapons
  12 starspawn tentacles
  5 tentacles (Hell)
165 creatures vanquished.

Grand Total: 4849 creatures vanquished

Notes
Turn   | Place    | Note
-------+----------+-------------------------------------------
     0 | D:1      | garbagetei the Gargoyle Fighter began the quest for the Orb.
     0 | D:1      | Reached XP level 1. HP: 14/14 MP: 1/1
   100 | D:1      | Reached XP level 2. HP: 19/19 MP: 2/2
   481 | D:1      | Reached XP level 3. HP: 20/23 MP: 3/3
   649 | D:1      | You fall through a shaft!
   737 | D:2      | Found a white marble altar of Elyvilon.
  1025 | D:2      | Reached XP level 4. HP: 29/29 MP: 4/4
  2034 | D:2      | Reached XP level 5. HP: 16/33 MP: 5/5
  2373 | D:2      | Noticed Natasha
  2381 | D:2      | Killed Natasha
  2949 | D:3      | Found a sparkling altar of Nemelex Xobeh.
  3005 | D:3      | Found an iron altar of Okawaru.
  3023 | D:3      | Became a worshipper of Warmaster Okawaru
  3355 | D:4      | Reached skill level 5 in Armour
  3355 | D:4      | Reached XP level 6. HP: 29/38 MP: 6/6
  4232 | D:4      | Found a staircase to the Ecumenical Temple.
  4506 | D:5      | Entered Level 5 of the Dungeon
  4658 | D:5      | Reached XP level 7. HP: 37/44 MP: 7/7
  4834 | D:5      | Found an ornate altar of the Wu Jian Council.
  5025 | D:5      | Found a glowing golden altar of the Shining One.
  5511 | D:6      | Reached * piety under Okawaru
  5511 | D:6      | Reached skill level 5 in Maces & Flails
  5676 | D:6      | Found a white marble altar of Elyvilon.
  5785 | D:6      | Reached skill level 5 in Fighting
  5804 | D:6      | Reached skill level 5 in Shields
  5816 | D:6      | Found an ancient bone altar of Kikubaaqudgha.
  5848 | D:6      | Reached XP level 8. HP: 48/49 MP: 8/8
  6030 | D:7      | Reached skill level 1 in Invocations
  6244 | D:7      | Reached ** piety under Okawaru
  6962 | D:7      | Reached XP level 9. HP: 47/55 MP: 8/11
  7049 | D:7      | Found a shadowy altar of Dithmenos.
  7049 | D:7      | Found a burning altar of Makhleb.
  7371 | D:8      | Found Xoxt's Armour Boutique.
  7374 | D:8      | Bought a +0 pair of gloves of archery for 126 gold pieces
  7400 | D:8      | Found a snail-covered altar of Cheibriados.
  7470 | D:8      | Reached *** piety under Okawaru
  7544 | D:8      | Found Ejan's Book Emporium.
  7558 | D:8      | Found a flagged portal.
  7617 | Bailey   | Entered a bailey
  7911 | Bailey   | Reached skill level 1 in Throwing
  8008 | Bailey   | Reached skill level 5 in Invocations
  8011 | Bailey   | Noticed an orc knight
  8067 | Bailey   | Killed an orc knight
  8610 | D:8      | Noticed a two-headed ogre
  8629 | D:8      | Killed a two-headed ogre
  8629 | D:8      | Reached XP level 10. HP: 31/61 MP: 11/13
  8991 | D:8      | Noticed a two-headed ogre
  9008 | D:8      | Killed a two-headed ogre
  9008 | D:8      | Reached **** piety under Okawaru
  9293 | D:8      | Found Qidur's Weapon Shop.
  9463 | D:8      | Found a staircase to the Lair.
  9476 | D:8      | Found Zomitz's Distillery.
  9481 | D:8      | Bought a potion of curing for 48 gold pieces
  9667 | D:9      | Reached skill level 10 in Armour
  9916 | D:9      | Found a staircase to the Orcish Mines.
 10227 | D:9      | Found a sacrificial altar of Ru.
 10386 | D:10     | Entered Level 10 of the Dungeon
 10488 | Lair:1   | Entered Level 1 of the Lair of Beasts
 10797 | Lair:1   | Noticed an eight-headed hydra
 10831 | Lair:1   | Killed an eight-headed hydra
 10831 | Lair:1   | Reached XP level 11. HP: 50/68 MP: 11/14
 11422 | Lair:2   | Received a gift from Okawaru
 11837 | Lair:2   | Found a staircase to the Swamp.
 12036 | Lair:2   | Noticed Gastronok
 12051 | Lair:2   | Killed Gastronok
 12051 | Lair:2   | Reached ***** piety under Okawaru
 12051 | Lair:2   | Reached skill level 10 in Maces & Flails
 12436 | Lair:3   | Noticed a six-headed hydra
 12593 | Lair:3   | Killed a six-headed hydra
 13551 | Lair:3   | Reached XP level 12. HP: 59/75 MP: 15/15
 13735 | Lair:3   | Received a gift from Okawaru
 14399 | Lair:4   | Learned a level 2 spell: Song of Slaying
 14788 | Lair:4   | Reached skill level 1 in Charms
 14790 | Lair:4   | Reached skill level 1 in Spellcasting
 15603 | Lair:4   | Received a gift from Okawaru
 15661 | Lair:4   | Found a hole to the Spider Nest.
 15971 | Lair:5   | Noticed a six-headed hydra
 15978 | Lair:5   | Killed a six-headed hydra
 16699 | Lair:5   | Noticed a death yak
 16700 | Lair:5   | Noticed a death yak
 16704 | Lair:5   | Noticed a death yak
 16713 | Lair:4   | Killed a death yak
 16828 | Lair:5   | Noticed a death yak
 16862 | Lair:4   | Killed a death yak
 16934 | Lair:4   | Killed a death yak
 17236 | Lair:5   | Killed a death yak
 17236 | Lair:5   | Reached XP level 13. HP: 50/81 MP: 13/17
 17942 | Lair:5   | Got a serpentine golden ring
 17982 | Lair:5   | Reached skill level 10 in Shields
 17984 | Lair:5   | Reached skill level 10 in Fighting
 19836 | Lair:6   | Entered Level 6 of the Lair of Beasts
 19886 | Lair:6   | Identified the ring of Dynnucul {rElec rN+ Int+4} (You found it on level 5 of the Lair of Beasts)
 19993 | Lair:6   | Found a frozen archway.
 19993 | Lair:6   | Noticed an ice dragon
 20415 | Lair:6   | Received a gift from Okawaru
 20455 | Lair:6   | Killed an ice dragon
 20469 | IceCv    | Entered an ice cave
 20469 | IceCv    | Found the +8 autumn katana {slice, Clar}
 20472 | IceCv    | Found a transporter.
 20475 | IceCv    | Got a glittering bronze amulet
 20794 | IceCv    | Identified the amulet of Uzxosuje {Faith rF+ rC+ Str+3} (You found it in an ice cave)
 21104 | Lair:6   | Gained mutation: Your large and strong wings let you fly indefinitely. [Gargoyle growth]
 21104 | Lair:6   | Reached XP level 14. HP: 75/88 MP: 15/18
 21329 | Lair:6   | Received a gift from Okawaru
 23231 | Lair:6   | Found a staircase to the Slime Pits.
 23248 | Lair:6   | Reached skill level 15 in Armour
 23254 | Lair:6   | Reached ****** piety under Okawaru
 23500 | Lair:6   | Received a gift from Okawaru
 23955 | Lair:6   | Received a gift from Okawaru
 24550 | Orc:1    | Entered Level 1 of the Orcish Mines
 24568 | Orc:1    | Found a roughly hewn altar of Beogh.
 24800 | Orc:2    | Entered Level 2 of the Orcish Mines
 24882 | Orc:2    | Noticed an orc warlord
 24919 | Orc:2    | Noticed Josephine
 24927 | Orc:2    | Killed Josephine
 25068 | Orc:2    | Found a staircase to the Elven Halls.
 25510 | Orc:1    | Killed an orc warlord
 25519 | Orc:2    | Reached XP level 15. HP: 60/95 MP: 13/19
 26857 | Orc:2    | Noticed an orc warlord
 26902 | Orc:2    | Killed an orc warlord
 27183 | Orc:2    | Received a gift from Okawaru
 27483 | Orc:2    | Found Jiwkupre's Antique Armour Shoppe.
 27484 | Orc:2    | Found Nostreqo's Antique Weapon Shoppe.
 27486 | Orc:2    | Found Ekkiets's General Store.
 27486 | Orc:2    | Found Necyedimn's Book Emporium.
 27501 | Orc:2    | Bought a scroll of identify for 30 gold pieces
 27542 | Orc:2    | Bought a pair of runed gloves for 255 gold pieces
 27560 | Orc:2    | Bought a crude scale mail for 306 gold pieces
 27570 | Orc:2    | Identified the +6 scale mail "Ysaef" {Dex+2 Stlth+} (You bought it in a shop on level 2 of the Orcish Mines)
 27598 | Orc:2    | Bought Sif Muna's Incunabulum of Destructive Orientation for 516 gold pieces
 27601 | Orc:2    | Learned a level 2 spell: Blink
 27605 | Orc:2    | Learned a level 3 spell: Portal Projectile
 27607 | Orc:2    | Learned a level 1 spell: Infusion
 27610 | Orc:2    | Learned a level 2 spell: Shroud of Golubria
 27614 | Orc:2    | Learned a level 3 spell: Regeneration
 27618 | Orc:2    | Learned a level 3 spell: Spectral Weapon
 28061 | D:10     | Found an opulent altar of Gozag.
 29096 | D:11     | Found a portal to a secret trove of treasure.
 29361 | D:11     | Found Odghiz's Serpentskin Sales.
 29992 | D:12     | Reached skill level 15 in Maces & Flails
 30573 | D:12     | Received a gift from Okawaru
 30574 | D:12     | Got a jewelled chain mail {god gift}
 30585 | D:12     | Identified the +5 chain mail of Perfidy {rElec MR+ Str+3 Stlth-} (Okawaru gifted it to you on level 12 of the Dungeon)
 31137 | D:13     | Noticed EvilAshe's ghost (journeyman DgEE)
 31403 | D:13     | Killed EvilAshe's ghost
 31785 | D:13     | Reached XP level 16. HP: 102/103 MP: 20/20
 31787 | D:13     | Found a gate to the Vaults.
 32198 | D:14     | Found a blossoming altar of Fedhas.
 33614 | D:15     | Entered Level 15 of the Dungeon
 33614 | D:15     | Found a snail-covered altar of Cheibriados.
 33785 | D:15     | Received a gift from Okawaru
 34345 | D:15     | Found a staircase to the Depths.
 34692 | Depths:1 | Entered Level 1 of the Depths
 36724 | Depths:1 | Found a gateway to Hell.
 37072 | Depths:1 | Received a gift from Okawaru
 37072 | Depths:1 | Reached XP level 17. HP: 87/109 MP: 21/21
 37211 | Depths:1 | Found a one-way gate leading to the halls of Pandemonium.
 37527 | Depths:2 | Noticed a lich
 37539 | Depths:2 | Killed a lich
 38038 | Depths:2 | Received a gift from Okawaru
 38611 | Orc:2    | Bought a scroll of enchant weapon for 112 gold pieces
 38614 | Orc:2    | Identified 2 scrolls of acquirement
 38926 | Swamp:1  | Entered Level 1 of the Swamp
 39042 | Swamp:1  | Got a jewelled plate armour
 39043 | Swamp:1  | Identified the +5 plate armour of the Eleven Coins {MR+} (You acquired it on level 1 of the Swamp)
 39200 | Swamp:1  | Received a gift from Okawaru
 39211 | Swamp:1  | Learned a level 1 spell: Summon Butterflies
 40040 | Swamp:2  | Noticed Frances
 40237 | Spider:1 | Entered Level 1 of the Spider Nest
 41300 | Spider:1 | Received a gift from Okawaru
 41763 | Spider:2 | Reached skill level 1 in Translocations
 41763 | Spider:2 | Reached XP level 18. HP: 117/117 MP: 23/23
 43045 | Spider:3 | Received a gift from Okawaru
 43408 | Spider:3 | Identified the +5 morningstar of Erhiory {venom, MR+} (Okawaru gifted it to you on level 3 of the Spider Nest)
 43851 | Spider:4 | Entered Level 4 of the Spider Nest
 43985 | Spider:4 | Noticed Bai Suzhen
 44105 | Spider:3 | Reached skill level 15 in Fighting
 44111 | Spider:3 | Received a gift from Okawaru
 44252 | Spider:4 | Noticed jazmu's ghost (adept FoMo)
 44554 | Spider:4 | Killed Bai Suzhen
 44878 | Spider:4 | Killed jazmu's ghost
 45160 | Swamp:2  | Killed Frances
 45160 | Swamp:2  | Received a gift from Okawaru
 45713 | Swamp:2  | Reached skill level 5 in Spellcasting
 45763 | Swamp:2  | You are sucked into a shaft!
 45862 | Swamp:3  | Reached XP level 19. HP: 80/124 MP: 26/26
 46061 | Swamp:3  | Received a gift from Okawaru
 46388 | Swamp:4  | Entered Level 4 of the Swamp
 47142 | Swamp:4  | Identified the +3 ring mail "Exiyboos" {rPois Int+2} (You found it on level 4 of the Swamp)
 47186 | Swamp:4  | Got a faintly glowing fustibalus
 47187 | Swamp:4  | Identified the +6 fustibalus of the Vaults {velocity, SInv} (You found it on level 4 of the Swamp)
 47272 | Swamp:4  | Reached skill level 1 in Slings
 47278 | Swamp:4  | Reached skill level 1 in Summonings
 47280 | Swamp:4  | Noticed the 27-headed Lernaean hydra
 48485 | Spider:4 | Received a gift from Okawaru
 48570 | Spider:4 | Noticed Arachne
 48644 | Spider:3 | Killed Arachne
 48785 | Spider:4 | Received a gift from Okawaru
 49191 | Spider:4 | Noticed Autsider's ghost (adept DsFi)
 49215 | Spider:4 | Killed Autsider's ghost
 49314 | Spider:4 | Received a gift from Okawaru
 49539 | Spider:4 | Received a gift from Okawaru
 49771 | D:8      | Bought a manual of Air Magic for 1545 gold pieces
 50083 | Spider:4 | Got a gossamer rune of Zot
 50417 | Vaults:1 | Entered Level 1 of the Vaults
 51312 | Vaults:1 | Reached XP level 20. HP: 120/132 MP: 24/27
 51438 | Vaults:1 | Found Pepod's Antique Armour Shoppe.
 51581 | Vaults:1 | Received a gift from Okawaru
 51593 | Vaults:1 | Identified the +7 fustibalus of Dismay {freeze, rElec Dex+4} (Okawaru gifted it to you on level 1 of the Vaults)
 52927 | Vaults:2 | Reached skill level 15 in Shields
 52937 | Vaults:2 | Reached skill level 5 in Slings
 53086 | Vaults:2 | Received a gift from Okawaru
 53661 | Vaults:2 | Received a gift from Okawaru
 54036 | Vaults:2 | Identified An Introduction to Theurgy
 54893 | Vaults:3 | Found a flickering gateway to a bazaar.
 54953 | Bazaar   | Entered a bazaar
 54960 | Bazaar   | Found Liclu's Antique Weapon Emporium.
 54978 | Bazaar   | Found Petu's Jewellery Boutique.
 54985 | Bazaar   | Found Idduv's Book Boutique.
 54998 | Bazaar   | Found Wyutz's Jewellery Boutique.
 55026 | Bazaar   | Bought the ring "Bustrewy" {Dex+3 Slay+3} for 317 gold pieces
 55238 | Vaults:3 | Reached XP level 21. HP: 122/140 MP: 28/28
 55248 | Vaults:3 | Received a gift from Okawaru
 55301 | Vaults:3 | Found a staircase to the Crypt.
 55544 | Vaults:3 | Reached skill level 5 in Translocations
 56088 | Vaults:4 | Received a gift from Okawaru
 56261 | Vaults:4 | Identified the ring "Bulatz" {+Fly Str+3} (You found it on level 4 of the Vaults)
 56909 | Vaults:4 | Noticed Mara
 56941 | Vaults:4 | Noticed garbagetei's illusion
 56946 | Vaults:4 | Killed Mara
 58115 | Depths:2 | Found a gateway to a ziggurat.
 58477 | Depths:2 | Received a gift from Okawaru
 58493 | Depths:2 | Noticed a golden dragon
 58512 | Depths:2 | Killed a golden dragon
 59898 | Depths:3 | Reached XP level 22. HP: 128/148 MP: 29/29
 59982 | Depths:3 | Learned a level 3 spell: Lesser Beckoning
 59985 | Depths:3 | Learned a level 2 spell: Passwall
 60827 | Depths:3 | Received a gift from Okawaru
 61080 | Depths:3 | Received a gift from Okawaru
 61263 | Depths:3 | Identified the +2 shield of Ohades {MP+9 Int+8 Dex-5} (You acquired it on level 3 of the Depths)
 61278 | Depths:3 | Noticed a caustic shrike
 61303 | Depths:2 | Killed a caustic shrike
 61303 | Depths:2 | Reached skill level 10 in Slings
 62172 | Depths:3 | Found Suana's Assorted Antiques.
 62180 | Depths:3 | Bought a scroll of teleportation for 114 gold pieces
 62431 | Depths:4 | Received a gift from Okawaru
 63543 | Depths:4 | Noticed a golden dragon
 63563 | Depths:4 | Killed a golden dragon
 63563 | Depths:4 | Reached XP level 23. HP: 130/156 MP: 30/30
 63765 | Depths:4 | Received a gift from Okawaru
 63956 | Depths:4 | Found a one-way gate to the infinite horrors of the Abyss.
 64418 | Depths:4 | You are sucked into a shaft!
 64418 | Depths:5 | Entered Level 5 of the Depths
 64495 | Depths:5 | Found a shattered altar of Ashenzari.
 64645 | Depths:5 | Noticed a golden dragon
 64880 | Depths:4 | Killed a golden dragon
 65227 | Depths:5 | Found Qutorof's Magic Scroll Shoppe.
 65437 | Depths:5 | Found Beushruul's General Store.
 65440 | Depths:5 | Bought a potion of heal wounds for 80 gold pieces
 65464 | Depths:5 | Found Qyex's Jewellery Boutique.
 65473 | Depths:5 | Noticed a golden dragon
 65496 | Depths:5 | Killed a golden dragon
 66351 | Depths:5 | Received a gift from Okawaru
 66374 | Depths:5 | Noticed a golden dragon
 66383 | Depths:5 | Killed a golden dragon
 66557 | Depths:5 | Found a gate to the Realm of Zot.
 67388 | Elf:1    | Entered Level 1 of the Elven Halls
 68424 | Elf:1    | Found Koeh's General Store.
 68598 | Elf:2    | Received a gift from Okawaru
 68817 | Elf:3    | Entered Level 3 of the Elven Halls
 68837 | Elf:3    | Found Biryaf's Assorted Antiques.
 68896 | Elf:1    | Reached XP level 24. HP: 157/164 MP: 30/30
 68946 | Elf:2    | Received a gift from Okawaru
 69051 | Elf:2    | Found a runed gate.
 69051 | Elf:2    | Found a runed gate.
 69051 | Elf:2    | Found a runed gate.
 69117 | Elf:2    | Received a gift from Okawaru
 69450 | Elf:3    | Found Jilang's Assorted Antiques.
 69455 | Elf:3    | Found Onkitido's Distillery.
 69462 | Elf:3    | Found Qine's Armour Emporium.
 69512 | Elf:3    | Found Enel's Food Shoppe.
 69623 | Elf:3    | Found Nuofyih's Armour Emporium.
 69702 | Elf:3    | Noticed Asterion
 69711 | Elf:3    | Killed Asterion
 70831 | Elf:3    | Received a gift from Okawaru
 71464 | Elf:3    | Identified the Tome of Arcane Weapons and the Arsonist
 71499 | Elf:3    | Identified the cursed +1 plate armour "Jegiem" {rPois} (You found it on level 3 of the Elven Halls)
 71518 | Elf:3    | Identified the amulet "Zudear" {Spirit rN+ MP+9 Int-5 Slay+5} (You found it on level 3 of the Elven Halls)
 71700 | Elf:3    | Identified the cursed +0 hand crossbow of a labyrinth {flame, *Contam +Blink Str-2 SInv} (You found it on level 3 of the Elven Halls)
 71904 | Elf:3    | Found Kixkip's Antique Armour Shoppe.
 72065 | Elf:3    | Bought a +2 pair of boots of running for 871 gold pieces
 72440 | Depths:5 | Bought the ring of Hotewn {+Blink rN+ AC+4 Slay+5 Stlth+} for 1638 gold pieces
 72499 | Hell     | Entered the Vestibule of Hell
 72499 | Hell     | Noticed Geryon
 73125 | Swamp:4  | Killed the 27-headed Lernaean hydra
 73319 | Swamp:4  | Got a decaying rune of Zot
 74248 | D:5      | Fell from the grace of Okawaru
 74248 | D:5      | Became a worshipper of the Shining One
 74617 | Crypt:1  | Entered Level 1 of the Crypt
 75140 | Crypt:1  | Reached * piety under the Shining One
 75782 | Crypt:1  | Reached ** piety under the Shining One
 76816 | Crypt:1  | Reached *** piety under the Shining One
 76959 | Crypt:1  | Reached XP level 25. HP: 169/172 MP: 33/33
 76980 | Crypt:1  | Reached **** piety under the Shining One
 77368 | Crypt:1  | Reached ***** piety under the Shining One
 78193 | Crypt:2  | Reached ****** piety under the Shining One
 78230 | Crypt:2  | Identified a +9 sacred scourge of holy wrath (a +7 demon whip of flaming blessed by the Shining One)
 78230 | Crypt:2  | Received a gift from the Shining One
 78873 | Crypt:3  | Entered Level 3 of the Crypt
 79780 | Crypt:3  | Reached skill level 10 in Invocations
 79852 | Crypt:3  | Reached XP level 26. HP: 180/180 MP: 34/36
 80206 | Crypt:3  | Found an ancient bone altar of Kikubaaqudgha.
 80206 | Crypt:3  | Noticed an ancient lich
 80213 | Crypt:3  | Killed an ancient lich
 80549 | Crypt:3  | Found a staircase to the Tomb.
 80644 | Tomb:1   | Entered Level 1 of the Tomb of the Ancients
 82248 | Depths:4 | Reached XP level 27. HP: 186/186 MP: 36/36
 82259 | Depths:4 | Noticed a juggernaut
 82276 | Depths:4 | Killed a juggernaut
 82471 | Depths:4 | Voluntarily entered the Abyss.
 82481 | Abyss:1  | Found a corrupted altar of Lugonu.
 82700 | Abyss:1  | Reached skill level 10 in Spellcasting
 82704 | Abyss:1  | Identified Sif Muna's Almanac of the Voyage and Confrontation
 82836 | Abyss:2  | Found a corrupted altar of Lugonu.
 82841 | Abyss:2  | Found a corrupted altar of Lugonu.
 83067 | Abyss:2  | Found a corrupted altar of Lugonu.
 83931 | Abyss:2  | Found a stormy altar of Qazlal.
 84126 | Abyss:2  | Found a corrupted altar of Lugonu.
 84287 | Abyss:2  | Reached skill level 5 in Charms
 84501 | Abyss:3  | Reached skill level 5 in Summonings
 84855 | Abyss:3  | Got an abyssal rune of Zot
 85350 | Depths:4 | Escaped the Abyss
 85521 | Zot:1    | Entered Level 1 of the Realm of Zot
 85936 | Zot:1    | Reached skill level 1 in Hexes
 87426 | Zot:2    | Noticed an orb of fire
 87511 | Zot:1    | Was forgiven by Okawaru
 87521 | Zot:1    | The Shining One protects you from harm!
 88978 | Slime:1  | Entered Level 1 of the Pits of Slime
 88998 | Slime:1  | Gained mutation: You are frail. (-10% HP) [a shining eye]
 89254 | Slime:1  | Gained mutation: You do not regenerate when monsters are visible. [a shining eye]
 89333 | Slime:2  | Gained mutation: You tend to lose your temper in combat. [a shining eye]
 89672 | Slime:5  | Entered Level 5 of the Pits of Slime
 90336 | Slime:5  | Reached skill level 15 in Invocations
 90453 | Slime:5  | Noticed the Royal Jelly
 90455 | Slime:5  | Found a viscous altar of Jiyva.
 90481 | Slime:5  | Killed the Royal Jelly
 90957 | Slime:5  | Gained mutation: Your magical capacity is low. (-10% MP) [a shining eye]
 91187 | Slime:5  | Found the +6 shillelagh "Devastator" {shatter}
 91188 | Slime:5  | Found the +5 scythe "Finisher" {speed, Str+3}
 91203 | Slime:5  | Identified the +7 fustibalus "Podoca" {venom, rElec rPois} (You found it on level 5 of the Pits of Slime)
 91322 | Slime:5  | Got a slimy rune of Zot
 92004 | Zot:2    | Killed an orb of fire
 92008 | Zot:2    | Lost mutation: You tend to lose your temper in combat. [potion of mutation]
 92008 | Zot:2    | Lost mutation: You are frail. (-10% HP) [potion of mutation]
 92008 | Zot:2    | Lost mutation: You do not regenerate when monsters are visible. [potion of mutation]
 92008 | Zot:2    | Gained mutation: You have large cloven feet. [potion of mutation]
 92150 | Zot:2    | Noticed an orb of fire
 92448 | Pan      | Entered Pandemonium
 92460 | Pan      | Noticed Loch the pandemonium lord
 92486 | Pan      | Killed Loch the pandemonium lord
 93210 | Pan      | Entered the realm of Gloorx Vloq.
 93256 | Pan      | Noticed Gloorx Vloq
 93282 | Pan      | Killed Gloorx Vloq
 93478 | Pan      | Got a dark rune of Zot
 94341 | Pan      | Noticed Cewkaotui the pandemonium lord
 94349 | Pan      | Killed Cewkaotui the pandemonium lord
 94371 | Pan      | Identified the +9 glaive of the Wilderness {pain, rElec Int+2} (You took it off a torturous demonspawn in Pandemonium)
 94817 | Pan      | Reached skill level 27 in Fighting
 95054 | Pan      | Noticed Surorymy the pandemonium lord
 95066 | Pan      | Killed Surorymy the pandemonium lord
 95644 | Pan      | Found an exit through the horrors of the Abyss.
 95735 | Pan      | Entered the realm of Lom Lobon.
 97014 | Pan      | Noticed Lom Lobon
 97044 | Pan      | Got a magical rune of Zot
 97446 | Pan      | Gained mutation: Potions are less effective at restoring your health. [a cacodemon]
 97447 | Pan      | Gained mutation: You are dopey. (Int -2) [a cacodemon]
 97595 | Pan      | Found a runed door.
 97610 | Pan      | Found a runed door.
 97723 | Pan      | Found a runed door.
 97727 | Pan      | Found an exit through the horrors of the Abyss.
 97996 | Pan      | Found a runed door.
 98024 | Pan      | Noticed Pytaro the pandemonium lord
 98033 | Pan      | Killed Pytaro the pandemonium lord
 98399 | Pan      | Noticed Pugept the pandemonium lord
 98426 | Pan      | Killed Pugept the pandemonium lord
 98478 | Pan      | Got a demonic rune of Zot
 98544 | Pan      | Found an exit through the horrors of the Abyss.
 98566 | Pan      | Noticed Doazi the pandemonium lord
 98581 | Pan      | Killed Doazi the pandemonium lord
 99156 | Pan      | Gained mutation: You are resistant to hostile enchantments. (MR+) [a cacodemon]
 99178 | Pan      | Entered the realm of Mnoleg.
 99290 | Pan      | Paralysed by a floating eye for 4 turns
 99311 | Pan      | Noticed Mnoleg
 99328 | Pan      | Killed Mnoleg
 99410 | Pan      | Paralysed by a floating eye for 4 turns
 99486 | Pan      | Got a glowing rune of Zot
 99509 | Pan      | Gained mutation: You do not regenerate when monsters are visible. [a cacodemon]
 99585 | Pan      | Found an exit through the horrors of the Abyss.
 99819 | Pan      | Noticed Lom Lobon
 99839 | Pan      | Entered the realm of Cerebov.
 99879 | Pan      | Identified the ring of Acianobi {rPois rF+} (You found it in Pandemonium)
 99942 | Pan      | Identified Kotoast Foeh's Handbook of Calling and Shape Shifting
 99944 | Pan      | Identified the Handbook of Enthralling Enhancements
 99953 | Pan      | Noticed Cerebov
 99982 | Pan      | Killed Cerebov
100012 | Pan      | Got a fiery rune of Zot
100062 | Pan      | Identified the cursed +1 ring mail of Shielding {Dex+4} (You found it in Pandemonium)
100066 | Pan      | Identified Voeclint's Grimoire of Curses and Flight
100320 | Pan      | Noticed Rikky the pandemonium lord
100322 | Pan      | Gained mutation: Your spells are a little easier to cast, but a little less powerful. [a neqoxec]
100324 | Pan      | Killed Rikky the pandemonium lord
100523 | Pan      | Noticed Lom Lobon
100583 | Depths:3 | Escaped Pandemonium
100902 | Vaults:5 | Entered Level 5 of the Vaults
100904 | Vaults:5 | Noticed Autsider's ghost (veteran GrFi)
101317 | Vaults:5 | Reached skill level 27 in Armour
101665 | Vaults:5 | Killed Autsider's ghost
102746 | Vaults:5 | Identified the cursed ring "Birab" {Str-2 Int+3} (You found it on level 5 of the Vaults)
102861 | Vaults:5 | Got a silver rune of Zot
102867 | Vaults:5 | Identified the cursed +1 flail "Zyavyr" {freeze, Dex+2} (You found it on level 5 of the Vaults)
102986 | Vaults:5 | Found the +9 scales of the Dragon King {rPois rF+ rC+ MR+}
104267 | Hell     | Killed Geryon
104302 | Hell     | Found a gateway to the ashen valley of Gehenna.
104384 | Hell     | Found a gateway to the decaying netherworld of Tartarus.
104519 | Hell     | Found a gateway to the freezing wastes of Cocytus.
104796 | Hell     | Found a gateway to the Iron City of Dis.
104833 | Coc:1    | Entered Level 1 of Cocytus
105199 | Coc:7    | Entered Level 7 of Cocytus
105514 | Coc:7    | Noticed Antaeus
105565 | Coc:7    | Killed Antaeus
105592 | Coc:7    | Got an icy rune of Zot
105604 | Coc:7    | Got a wavering marble ring
105605 | Coc:7    | Identified the ring "Ehabiav" {+Fly MR+ MP+9 SInv} (You found it on level 7 of Cocytus)
106404 | Geh:1    | Entered Level 1 of Gehenna
106705 | Geh:7    | Entered Level 7 of Gehenna
107052 | Geh:7    | Reached skill level 10 in Translocations
107097 | Geh:7    | Noticed the Serpent of Hell
107112 | Geh:7    | Killed the Serpent of Hell
107548 | Geh:7    | Noticed Asmodeus
107567 | Geh:7    | Killed Asmodeus
107645 | Geh:7    | Found the -2 mace of Variability {chaos}
107652 | Geh:7    | Identified the cursed +0 ring mail "Ufuits" {-Tele rElec rPois MR-} (You found it on level 7 of Gehenna)
107658 | Geh:7    | Identified the ring of Zediffi {rPois Int+4} (You found it on level 7 of Gehenna)
107665 | Geh:7    | Identified the Handbook of Poisoning
107689 | Geh:7    | Got an obsidian rune of Zot
108027 | Tar:1    | Entered Level 1 of Tartarus
108910 | Tar:7    | Entered Level 7 of Tartarus
109062 | Tar:7    | Noticed Ereshkigal
109079 | Tar:7    | Killed Ereshkigal
109194 | Tar:7    | Found the +2 shield of Resistance {rF+ rC+ MR+}
109323 | Tar:7    | Got a bone rune of Zot
109467 | Dis:1    | Entered Level 1 of the Iron City of Dis
109929 | Dis:7    | Entered Level 7 of the Iron City of Dis
110304 | Dis:7    | Reached skill level 15 in Slings
110440 | Dis:7    | Identified the ring of Nimegez {rPois MR++ Slay+2} (You found it on level 7 of the Iron City of Dis)
110801 | Dis:7    | Noticed Dispater
110827 | Dis:7    | Killed Dispater
110851 | Dis:7    | Identified the +3 fustibalus "Diocwori" {speed, rPois rN+ Dex-2} (You found it on level 7 of the Iron City of Dis)
110853 | Dis:7    | Got an iron rune of Zot
111671 | Tomb:1   | Noticed an ancient lich
111680 | Tomb:1   | Killed an ancient lich
111693 | Tomb:1   | Noticed a greater mummy
111707 | Tomb:1   | Killed a greater mummy
112145 | Tomb:2   | Noticed a greater mummy
112152 | Tomb:2   | Killed a greater mummy
112179 | Tomb:2   | Noticed a greater mummy
112183 | Tomb:2   | Noticed a greater mummy
112185 | Tomb:2   | Noticed a greater mummy
112193 | Tomb:2   | Killed a greater mummy
112211 | Tomb:2   | Killed a greater mummy
112221 | Tomb:2   | Noticed Khufu
112229 | Tomb:2   | Killed a greater mummy
112230 | Tomb:2   | Noticed a greater mummy
112234 | Tomb:2   | Killed Khufu
112235 | Tomb:2   | Killed a greater mummy
112931 | Tomb:1   | Noticed a greater mummy
112945 | Tomb:1   | Killed a greater mummy
112952 | Tomb:1   | Noticed a greater mummy
112956 | Tomb:1   | Killed a greater mummy
112987 | Tomb:1   | Noticed a greater mummy
112994 | Tomb:1   | Killed a greater mummy
113035 | Tomb:1   | Noticed a greater mummy
113042 | Tomb:1   | Killed a greater mummy
113122 | Tomb:1   | Noticed a greater mummy
113130 | Tomb:1   | Noticed a greater mummy
113138 | Tomb:1   | Noticed a greater mummy
113139 | Tomb:1   | Killed a greater mummy
113144 | Tomb:1   | Killed a greater mummy
113152 | Tomb:1   | Killed a greater mummy
113167 | Tomb:1   | Noticed a greater mummy
113176 | Tomb:1   | Killed a greater mummy
113494 | Tomb:1   | Noticed a greater mummy
113511 | Tomb:1   | Killed a greater mummy
113558 | Tomb:1   | Noticed a greater mummy
113570 | Tomb:1   | Killed a greater mummy
113574 | Tomb:1   | Noticed a greater mummy
113579 | Tomb:1   | Noticed a greater mummy
113580 | Tomb:1   | Killed a greater mummy
113586 | Tomb:1   | Killed a greater mummy
113750 | Tomb:3   | Entered Level 3 of the Tomb of the Ancients
113795 | Tomb:3   | Noticed a greater mummy
113812 | Tomb:3   | Noticed a greater mummy
113812 | Tomb:3   | Killed a greater mummy
113813 | Tomb:3   | Noticed a greater mummy
113816 | Tomb:3   | Noticed a greater mummy
113817 | Tomb:3   | Reached skill level 27 in Invocations
114147 | Tomb:3   | Noticed a greater mummy
114156 | Tomb:3   | Killed a greater mummy
114157 | Tomb:3   | Killed a greater mummy
114158 | Tomb:3   | Noticed a greater mummy
114163 | Tomb:3   | Noticed a greater mummy
114165 | Tomb:3   | Noticed a greater mummy
114177 | Tomb:3   | Killed a greater mummy
114183 | Tomb:3   | Killed a greater mummy
114183 | Tomb:3   | Reached skill level 27 in Maces & Flails
114196 | Tomb:3   | Killed a greater mummy
114215 | Tomb:3   | Killed a greater mummy
114215 | Tomb:3   | Reached skill level 1 in Dodging
114217 | Tomb:3   | Noticed a greater mummy
114226 | Tomb:3   | Killed a greater mummy
114232 | Tomb:3   | Killed a greater mummy
114376 | Tomb:3   | Got a coiled bone ring
114377 | Tomb:3   | Identified the ring of Rymmuz {rN+ EV+3 Stlth+} (You found it on level 3 of the Tomb of the Ancients)
114412 | Tomb:3   | Got a golden rune of Zot
115235 | Zot:3    | Reached skill level 5 in Dodging
115569 | Zot:5    | Entered Level 5 of the Realm of Zot
117758 | Zot:5    | Reached skill level 10 in Dodging
117813 | Zot:5    | Noticed an orb of fire
117819 | Zot:5    | Gained mutation: You occasionally shout uncontrollably at your foes. [an orb of fire]
117826 | Zot:5    | Killed an orb of fire
117868 | Zot:5    | Noticed an orb of fire
117870 | Zot:5    | Gained mutation: You sometimes yell uncontrollably at your foes. [an orb of fire]
117873 | Zot:5    | Killed an orb of fire
117891 | Zot:5    | Noticed an orb of fire
117906 | Zot:5    | Killed an orb of fire
118041 | Zot:5    | Noticed an ancient lich
118044 | Zot:5    | Noticed an orb of fire
118048 | Zot:5    | Killed an ancient lich
118056 | Zot:5    | Killed an orb of fire
118089 | Zot:5    | Noticed an ancient lich
118101 | Zot:5    | Killed an ancient lich
118128 | Zot:5    | Noticed an ancient lich
118136 | Zot:5    | Noticed an orb of fire
118140 | Zot:5    | Killed an ancient lich
118150 | Zot:5    | Gained mutation: You are frail. (-10% HP) [an orb of fire]
118162 | Zot:5    | Killed an orb of fire
118203 | Zot:5    | Noticed an orb of fire
118204 | Zot:5    | Gained mutation: Your spells are easier to cast, but less powerful. [an orb of fire]
118208 | Zot:5    | Gained mutation: You are very dopey. (Int -4) [an orb of fire]
118221 | Zot:5    | Gained mutation: You are weak. (Str -2) [an orb of fire]
118223 | Zot:5    | Noticed an orb of fire
118224 | Zot:5    | Killed an orb of fire
118244 | Zot:5    | Killed an orb of fire
118477 | Zot:5    | Noticed an ancient lich
118482 | Zot:5    | Killed an ancient lich
118517 | Zot:5    | Noticed an ancient lich
118535 | Zot:5    | Killed an ancient lich
118557 | Zot:5    | Noticed an ancient lich
118566 | Zot:5    | Killed an ancient lich
118639 | Zot:5    | Reached skill level 27 in Shields
118999 | Zot:5    | Noticed an orb of fire
118999 | Zot:5    | Gained mutation: You frequently scream uncontrollably at your foes. [an orb of fire]
119013 | Zot:5    | Killed an orb of fire
119013 | Zot:5    | Reached skill level 15 in Dodging
119084 | Zot:5    | Got the Orb of Zot
119118 | Zot:4    | Noticed Kuadd the pandemonium lord
119177 | Zot:1    | Killed Kuadd the pandemonium lord
119538 | D:12     | Noticed Qecvowkask the pandemonium lord
119673 | D:7      | Found a hide-covered altar of Uskayaw.
119790 | D:2      | Noticed Natasha
119795 | D:2      | Killed Natasha
119834 | D:$      | Escaped with the Orb!

Skill      XL: |  1  2  3  4  5  6  7  8  9 10 11 12 13 14 15 16 17 18 19 20 21 22 23 24 25 26 27 |
---------------+----------------------------------------------------------------------------------+-----
Armour         | 4 5 6 7 9 10 11 13 14 15 16 18 19 20 21 22 23 27 | 27.0
Maces & Flails | 3 4 5 6 8 9 10 11 13 14 15 16 17 18 19 27 | 27.0
Fighting       | 4 5 6 7 8 9 10 11 12 13 14 15 16 17 18 19 20 21 22 27 | 27.0
Shields        | 4 5 6 7 8 9 10 11 12 13 14 15 27 | 27.0
Invocations    | 3 5 6 7 8 9 10 27 | 27.0
Throwing       | 1 |  1.2
Charms         | 2 3 4 5 |  5.0
Spellcasting   | 2 3 5 7 9 10 | 10.0
Translocations | 1 2 4 6 10 | 10.0
Slings         | 3 7 9 11 13 16 | 16.9
Summonings     | 3 4 6 |  6.0
Hexes          | 4 |  4.0
Dodging        | 15 | 15.6

Action                   |  1- 3 |  4- 6 |  7- 9 | 10-12 | 13-15 | 16-18 | 19-21 | 22-24 | 25-27 || total
-------------------------+-------+-------+-------+-------+-------+-------+-------+-------+-------++-------
Melee: Flail             |   124 |   314 |   442 |   446 |       |       |       |       |       ||  1326
       Great mace        |       |       |       |   225 |   242 |       |       |       |       ||   467
       Dire flail        |       |       |       |       |  1460 |   691 |       |       |       ||  2151
       Whip              |       |       |       |       |   249 |       |       |       |       ||   249
       Unarmed           |       |       |       |       |     7 |       |       |       |       ||     7
       Katana            |       |       |       |       |       |    14 |       |       |       ||    14
       Demon whip        |       |       |       |       |       |  1193 |  1891 |  1656 |       ||  4740
       Punch             |       |       |       |       |       |     1 |       |       |       ||     1
       Morningstar       |       |       |       |       |       |       |       |   218 |   254 ||   472
       Sacred scourge    |       |       |       |       |       |       |       |       |  6249 ||  6249
 Fire: Fustibalus        |       |       |       |       |       |       |    22 |    91 |   190 ||   303
Throw: Tomahawk          |       |       |    62 |    10 |     5 |     6 |       |       |       ||    83
 Cast: Song of Slaying   |       |       |       |     1 |     5 |       |       |     1 |     4 ||    11
       Infusion          |       |       |       |       |     1 |       |       |       |       ||     1
       Blink             |       |       |       |       |       |       |     1 |       |    19 ||    20
       Spectral Weapon   |       |       |       |       |       |       |     1 |       |     2 ||     3
       Lesser Beckoning  |       |       |       |       |       |       |       |     1 |       ||     1
       Summon Butterflie |       |       |       |       |       |       |       |     2 |    25 ||    27
       Portal Projectile |       |       |       |       |       |       |       |       |    22 ||    22
       Shroud of Golubri |       |       |       |       |       |       |       |       |     1 ||     1
Invok: Heroism           |       |       |    11 |    20 |    41 |    30 |    32 |    23 |       ||   157
       Finesse           |       |       |       |       |     5 |     3 |     5 |     3 |       ||    16
       Brand Weapon With |       |       |       |       |       |       |       |       |     1 ||     1
       Cleansing Flame   |       |       |       |       |       |       |       |       |   227 ||   227
       Summon Divine War |       |       |       |       |       |       |       |       |    75 ||    75
       Divine Shield     |       |       |       |       |       |       |       |       |    19 ||    19
 Abil: Fly               |       |       |       |       |     1 |       |       |       |       ||     1
Evoke: Wand              |       |       |       |     7 |    15 |     2 |     6 |     7 |    14 ||    51
       Phial of floods   |       |       |       |     1 |     2 |     2 |     2 |       |       ||     7
       Box of beasts     |       |       |       |       |     1 |     1 |     5 |       |       ||     7
  Use: Scroll            |       |     2 |    12 |     7 |     7 |    15 |    10 |    15 |    53 ||   121
       Potion            |       |       |     3 |     1 |     6 |       |       |     2 |    19 ||    31
 Stab: Distracted        |       |       |       |       |       |     1 |       |       |       ||     1
  Eat: Chunk             |     1 |    22 |    11 |    30 |    33 |    32 |    28 |    30 |    27 ||   214
       Ration            |       |     1 |       |       |     2 |     4 |     5 |     7 |    48 ||    67
Armor: Scale mail        |    85 |   192 |   288 |   524 |   326 |       |       |       |       ||  1415
       Ice dragon scales |       |       |       |       |   672 |       |       |       |       ||   672
       Ring mail         |       |       |       |       |   340 |       |       |       |       ||   340
       Chain mail        |       |       |       |       |   113 |  1370 |   840 |   955 |  1464 ||  4742
       Gold dragon scale |       |       |       |       |       |       |       |       |  2218 ||  2218
       Skin              |       |       |       |       |       |       |       |       |     5 ||     5
Dodge: Dodged            |    70 |   153 |   271 |   385 |  1055 |   651 |   427 |   392 |  1235 ||  4639
Block: Buckler           |    14 |    76 |   123 |   136 |   110 |       |       |       |       ||   459
       Shield            |       |       |       |       |       |  1051 |  1105 |  1177 |  4786 ||  8119
       Rpst.: Katana     |       |       |       |       |       |     1 |       |       |       ||     1
